 Dungeon Crawl Stone Soup version 0.21.0-24-g2553a33 (webtiles) character file.

10130 tidbits the Thaumaturge (level 11, -10/86 HPs)
             Began as a Gnoll Skald on Jan 20, 2018.
             Was a Priest of Cheibriados.
             Mangled by a yak (15 damage)
             ... on level 11 of the Dungeon.
             The game lasted 00:28:14 (3105 turns).

tidbits the Thaumaturge (Gnoll Skald)               Turns: 3105, Time: 00:28:15

Health: -10/86     AC:  7    Str: 25    XL:     11   Next: 57%
Magic:  1/23       EV: 19    Int: 28    God:    Cheibriados [***...]
Gold:   361        SH:  0    Dex: 21    Spells: 13/26 levels left

rFire    . . .     SeeInvis .   a - +2 hand axe (elec)
rCold    . . .     Gourm    .   (no shield)
rNeg     . . .     Faith    +   B - +0 robe
rPois    +         Spirit   .   (no helmet)
rElec    .         Reflect  .   C - +1 cloak
rCorr    .         Harm     .   G - +1 pair of gloves "Caepay" {Int+4}
MR       .....                  (no boots)
Stlth    ++++......             F - amulet of faith
HPRegen  0.24/turn              P - ring of poison resistance
MPRegen  0.18/turn              m - +3 ring of slaying

@: mighty, very slow
A: distributed training, fangs 1, strong nose
a: Bend Time, Temporal Distortion, Renounce Religion


You were on level 11 of the Dungeon.
You worshipped Cheibriados.
Cheibriados was most pleased with you.
You were completely stuffed.

You visited 2 branches of the dungeon, and saw 12 of its levels.

You collected 476 gold pieces.
You spent 115 gold pieces at shops.

Inventory:

Hand Weapons
 a - a +2 hand axe of electrocution (weapon)
   (You found it on level 5 of the Dungeon)
 q - a +0 hunting sling of flaming
   (You found it on level 4 of the Dungeon)
 t - a +0 dagger of venom
   (You took it off a big kobold on level 4 of the Dungeon)
 w - a +0 hand axe
 x - the +0 dagger of Uhic {pierce, -Tele rPois SInv}
   (You found it on level 10 of the Dungeon)

   It inflicts extra damage upon your enemies.
   It protects you from poison.
   It lets you see invisible.
   It prevents most forms of teleportation.
 y - a +0 fustibalus
 A - a +2 spear of venom
   (You found it on level 6 of the Dungeon)
 I - a +1 scimitar of flaming
   (You took it off Erica on level 9 of the Dungeon)
 N - a +0 quarterstaff of freezing
   (You took it off Fannar on level 10 of the Dungeon)
Missiles
 h - 8 javelins (quivered)
 n - 2 tomahawks
 u - a throwing net {!f}
 J - 36 sling bullets
Armour
 B - a +0 robe (worn)
 C - a +1 cloak (worn)
 D - a +0 leather armour
 G - the +1 pair of gloves "Caepay" (worn) {Int+4}
   (You found it on level 10 of the Dungeon)

   It affects your intelligence (+4).
 Q - a +1 robe of cold resistance
   (You took it off Fannar on level 10 of the Dungeon)
Jewellery
 e - an uncursed ring of resist corrosion
   (You found it on level 3 of the Dungeon)
 m - a +3 ring of slaying (right hand)
   (You found it on level 2 of the Dungeon)
 F - an amulet of faith (around neck)
   (You found it on level 8 of the Dungeon)
 P - a ring of poison resistance (left hand)
   (You found it on level 6 of the Dungeon)
 R - an uncursed ring of ice
   (You took it off Fannar on level 10 of the Dungeon)
 S - an uncursed ring of flight
   (You found it on level 10 of the Dungeon)
Wands
 o - a wand of acid (4)
 H - a wand of iceblast (4)
 L - a wand of random effects (19)
Scrolls
 g - 3 scrolls of teleportation
 j - a scroll of amnesia
 l - a scroll of fear
 r - 8 scrolls of remove curse
 v - 2 scrolls of fog
 E - a scroll of blinking
 K - 2 scrolls of identify
 M - a scroll of enchant armour
Potions
 f - a potion of might
 i - 2 potions of brilliance
 k - 5 potions of curing
 p - 3 potions of flight
 s - 3 potions of magic
 z - 2 potions of berserk rage
 O - a potion of resistance
Books
 b - a book of Cantrips
   (You found it on level 6 of the Dungeon)

   Spells                             Type                      Level
   a - Confusing Touch                Hexes                        1
   b - Animate Skeleton               Necromancy                   1
   c - Summon Small Mammal            Summoning                    1
   d - Apportation                    Translocation                1
 c - a book of Battle

   Spells                             Type                      Level
   a - Infusion                       Charms                       1
   b - Shroud of Golubria             Charms/Translocation         2
   c - Song of Slaying                Charms                       2
   d - Spectral Weapon                Hexes/Charms                 3
   e - Regeneration                   Charms/Necromancy            3
Comestibles
 d - 16 rations


   Skills:
 + Level 7.9 Fighting
 + Level 6.3 Short Blades
 + Level 6.3 Long Blades
 + Level 7.9 Axes
 + Level 6.3 Maces & Flails
 + Level 6.3 Polearms
 + Level 6.3 Staves
 + Level 6.3 Slings
 + Level 6.3 Bows
 + Level 6.3 Crossbows
 + Level 6.3 Throwing
 + Level 6.9 Armour
 + Level 7.9 Dodging
 + Level 6.3 Stealth
 + Level 6.3 Shields
 + Level 6.3 Unarmed Combat
 + Level 8.1 Spellcasting
 + Level 5.2 Conjurations
 + Level 5.2 Hexes
 + Level 7.6 Charms
 + Level 5.2 Summonings
 + Level 5.2 Necromancy
 + Level 5.2 Translocations
 + Level 5.2 Transmutations
 + Level 5.2 Fire Magic
 + Level 5.2 Ice Magic
 + Level 5.2 Air Magic
 + Level 5.2 Earth Magic
 + Level 5.2 Poison Magic
 + Level 6.9 Invocations
 + Level 6.3 Evocations


You had 13 spell levels left.
You knew the following spells:

 Your Spells              Type           Power        Failure   Level  Hunger
g - Shroud of Golubria    Chrm/Tloc      #####.....   1%          2    None
i - Infusion              Chrm           ####         1%          1    None
n - Animate Skeleton      Necr           N/A          1%          1    None
r - Regeneration          Chrm/Necr      #####.....   1%          3    None
w - Spectral Weapon       Hex/Chrm       #####...     1%          3    None
y - Song of Slaying       Chrm           ######..     1%          2    None
A - Apportation           Tloc           #####.       1%          1    None


Dungeon Overview and Level Annotations

Branches:
Dungeon (11/15)            Temple (1/1) D:4            Lair (0/6) D:10
    Orc: D:9-12

Altars:
Ashenzari
Cheibriados
Dithmenos
Elyvilon
Fedhas
Gozag
Hepliaklqana
Kikubaaqudgha
Makhleb
Nemelex Xobeh
Okawaru
Qazlal
Ru
Sif Muna
Trog
Uskayaw
Vehumet
Wu Jian
Xom
Yredelemnul
Zin
The Shining One

Shops:
D:8 ?

Annotations:
D:4 exclusion: slave
D:9 exclusion: electric eel


Innate Abilities, Weirdness & Mutations

Your experience applies equally to all skills.
You have very sharp teeth.
Your uncanny sense of smell can sniff out nearby items.


Message History

You slash ThereIsNoGod's ghost!
Lightning courses through ThereIsNoGod's ghost!
You bite ThereIsNoGod's ghost, but do no damage.
ThereIsNoGod's ghost is severely damaged.
Your spectral weapon hits ThereIsNoGod's ghost but does no damage.
Lightning courses through ThereIsNoGod's ghost!
Your spectral weapon barely misses the wyvern.
Your spectral weapon hits the orc!
ThereIsNoGod's ghost hits you!
You feel your power leaking away.
You completely miss ThereIsNoGod's ghost.
You bite ThereIsNoGod's ghost.
ThereIsNoGod's ghost is almost destroyed.
You hit the wyvern. You barely miss the orc.
Your spectral weapon completely misses ThereIsNoGod's ghost.
Your spectral weapon barely misses the wyvern.
The wyvern closely misses you. The orc misses you.
The wyvern barely misses you.
ThereIsNoGod's ghost shrieks, "Death is your only future!"
ThereIsNoGod's ghost hits you!
You feel your power leaking away.
Unknown command.
The yak bellows!
You hit ThereIsNoGod's ghost but do no damage.
ThereIsNoGod's ghost is almost destroyed.
You slash the orc!
You kill the orc!
Cheibriados thoroughly appreciates the change of pace.
Cheibriados raises the support of your attributes as your movement slows.
You hit the wyvern. Lightning courses through the wyvern!
Your spectral weapon closely misses ThereIsNoGod's ghost.
Your spectral weapon misses the orc.
Your spectral weapon hits the wyvern.
Lightning courses through the wyvern!
You kill the wyvern!
Cheibriados appreciates the change of pace.
The orc closely misses your spectral weapon.
Unknown command.
You hit ThereIsNoGod's ghost but do no damage.
Your bite misses ThereIsNoGod's ghost.
ThereIsNoGod's ghost is almost destroyed.
Your spectral weapon barely misses ThereIsNoGod's ghost.
Your spectral weapon hits the orc.
ThereIsNoGod's ghost hits you.
You feel your power leaking away.
The orc hits your spectral weapon with a dagger of holy wrath.
Your spectral weapon shares its damage with you!
Unknown command.
You closely miss ThereIsNoGod's ghost.
You bite ThereIsNoGod's ghost, but do no damage.
ThereIsNoGod's ghost is almost destroyed.
You hit the yak. Lightning courses through the yak!
Your spectral weapon barely misses ThereIsNoGod's ghost.
Your spectral weapon hits the orc. x2; Lightning courses through the orc!
You kill the orc!
Cheibriados appreciates the change of pace.
Your spectral weapon hits the adder!
Lightning courses through the adder!
You kill the adder!
Cheibriados thoroughly appreciates the change of pace.
ThereIsNoGod's ghost hits you!!
* * * LOW HITPOINT WARNING * * *
You feel your power leaking away. The yak gores you.
* * * LOW HITPOINT WARNING * * *
Unknown command.
You hit ThereIsNoGod's ghost.
ThereIsNoGod's ghost is almost destroyed.
You slash the orc! Lightning courses through the orc!
You kill the orc!
Cheibriados appreciates the change of pace.
You can now warp the flow of time around you.
You slash the yak! Lightning courses through the yak!
You kill the yak!
Cheibriados appreciates the change of pace.
Your spectral weapon completely misses ThereIsNoGod's ghost.
ThereIsNoGod's ghost closely misses you.
Unknown command.
You slash ThereIsNoGod's ghost! Your bite misses ThereIsNoGod's ghost.
ThereIsNoGod's ghost is almost destroyed.
Your spectral weapon completely misses ThereIsNoGod's ghost.
ThereIsNoGod's ghost hits you!
* * * LOW HITPOINT WARNING * * *
Unknown command.
You closely miss ThereIsNoGod's ghost.
ThereIsNoGod's ghost is almost destroyed.
You hit the yak.
Your spectral weapon hits ThereIsNoGod's ghost but does no damage.
Lightning courses through ThereIsNoGod's ghost!
You destroy ThereIsNoGod's ghost!
Cheibriados thoroughly appreciates the change of pace.
The yak gores you.
* * * LOW HITPOINT WARNING * * *
Unknown command.
You hit the yak but do no damage. Lightning courses through the yak!
The yak is moderately wounded.
You slash the yak!
Your spectral weapon completely misses the yak.
The yak gores you.
* * * LOW HITPOINT WARNING * * *
You feel better. The yak gores you!
* * * LOW HITPOINT WARNING * * *
The yak gores you!
You die...

....# ##....
.......
##.....#.......
#..#...........
#.###.#............
#YY.<....>.........
######.............
#....Y.)...#
#....Y@....#
#....().......
........)).##..
.............
##..........#.#
#..........# #
#..........#
#..........#


You could see 2 yaks and a friendly spectral hand axe of electrocution.

Vanquished Creatures
  The ghost of melvinkitnick the Cruncher, a journeyman MiGl of Makhleb (D:10)
  The ghost of ThereIsNoGod the Severer, a journeyman MiBe of Trog (D:11)
  Fannar (D:10)
  4 two-headed ogres
  Erica (D:9)
  Joseph (D:8)
  A troll (D:10)
  3 wyverns
  4 yaks
  A human (D:7)
  4 hogs (D:7)
  A sky beast (D:10)
  3 orc warriors (D:9)
  An ice beast (D:10)
  A centaur (D:5)
  3 ogres
  2 big kobolds (D:4)
  6 bullfrogs
  A scorpion (D:9)
  9 killer bees
  An electric eel (D:9)
  A howler monkey (D:4)
  3 crimson imps
  3 bullfrog zombies
  A quasit (D:10)
  3 hounds
  An orc priest (D:7)
  3 orc wizards
  A bullfrog skeleton (D:4)
  2 iguanas
  3 worker ants
  A hound zombie (D:4)
  5 hound skeletons
  7 adders
  2 shadow imps
  A dart slug (D:1)
  5 leopard geckos
  20 orcs
  2 ball pythons
  3 bats
  3 giant cockroaches
  6 hobgoblins
  8 jackals
  12 kobolds
  4 quokkas
  4 frilled lizards
  5 goblins
  A leopard gecko skeleton (D:4)
  A leopard gecko zombie (D:4)
  4 rats
165 creatures vanquished.

Vanquished Creatures (collateral kills)
  A bullfrog skeleton (D:10)
1 creature vanquished.

Vanquished Creatures (others)
  2 spectral weapons
2 creatures vanquished.

Grand Total: 168 creatures vanquished

Notes
Turn   | Place    | Note
-------+----------+-------------------------------------------
     0 | D:1      | tidbits the Gnoll Skald began the quest for the Orb.
     0 | D:1      | Reached XP level 1. HP: 20/20 MP: 6/6
    28 | D:1      | Reached XP level 2. HP: 26/26 MP: 0/7
    33 | D:1      | Learned a level 2 spell: Song of Slaying
    36 | D:1      | Learned a level 2 spell: Shroud of Golubria
   105 | D:4      | Noticed a phantom
   152 | D:4      | Noticed an ogre
   208 | D:4      | Found a staircase to the Ecumenical Temple.
   218 | D:4      | Reached skill level 5 in Spellcasting
   218 | D:4      | Reached skill level 1 in Invocations
   218 | D:4      | Reached XP level 3. HP: 5/31 MP: 6/9
   225 | Temple   | Entered the Ecumenical Temple
   230 | Temple   | Learned a level 3 spell: Regeneration
   236 | Temple   | Learned a level 3 spell: Spectral Weapon
   316 | D:4      | Reached skill level 1 in Short Blades
   316 | D:4      | Reached skill level 1 in Long Blades
   316 | D:4      | Reached skill level 1 in Maces & Flails
   316 | D:4      | Reached skill level 1 in Polearms
   316 | D:4      | Reached skill level 1 in Staves
   316 | D:4      | Reached skill level 1 in Slings
   316 | D:4      | Reached skill level 1 in Bows
   316 | D:4      | Reached skill level 1 in Crossbows
   316 | D:4      | Reached skill level 1 in Throwing
   316 | D:4      | Reached skill level 1 in Stealth
   316 | D:4      | Reached skill level 1 in Shields
   316 | D:4      | Reached skill level 1 in Unarmed Combat
   316 | D:4      | Reached skill level 1 in Evocations
   316 | D:4      | Reached XP level 4. HP: 30/38 MP: 0/11
   322 | D:4      | Noticed a slave
   344 | D:4      | Reached skill level 1 in Conjurations
   344 | D:4      | Reached skill level 1 in Hexes
   344 | D:4      | Reached skill level 1 in Summonings
   344 | D:4      | Reached skill level 1 in Necromancy
   344 | D:4      | Reached skill level 1 in Translocations
   344 | D:4      | Reached skill level 1 in Transmutations
   344 | D:4      | Reached skill level 1 in Fire Magic
   344 | D:4      | Reached skill level 1 in Ice Magic
   344 | D:4      | Reached skill level 1 in Air Magic
   344 | D:4      | Reached skill level 1 in Earth Magic
   344 | D:4      | Reached skill level 1 in Poison Magic
   416 | D:4      | Reached XP level 5. HP: 33/43 MP: 3/12
   875 | D:3      | Reached skill level 3 in Armour
   937 | D:4      | Killed an ogre
   937 | D:4      | Reached skill level 2 in Invocations
   937 | D:4      | Reached XP level 6. HP: 50/50 MP: 9/13
   982 | D:4      | Reached skill level 5 in Fighting
   982 | D:4      | Reached skill level 2 in Short Blades
   982 | D:4      | Reached skill level 2 in Long Blades
   982 | D:4      | Reached skill level 5 in Axes
   982 | D:4      | Reached skill level 2 in Maces & Flails
   982 | D:4      | Reached skill level 2 in Polearms
   982 | D:4      | Reached skill level 2 in Staves
   982 | D:4      | Reached skill level 2 in Slings
   982 | D:4      | Reached skill level 2 in Bows
   982 | D:4      | Reached skill level 2 in Crossbows
   982 | D:4      | Reached skill level 2 in Throwing
   982 | D:4      | Reached skill level 5 in Dodging
   982 | D:4      | Reached skill level 2 in Stealth
   982 | D:4      | Reached skill level 2 in Shields
   982 | D:4      | Reached skill level 2 in Unarmed Combat
   982 | D:4      | Reached skill level 2 in Evocations
  1006 | D:4      | Reached XP level 7. HP: 44/56 MP: 5/15
  1100 | D:5      | Entered Level 5 of the Dungeon
  1148 | D:5      | Found an iron altar of Okawaru.
  1205 | D:7      | Reached skill level 2 in Conjurations
  1205 | D:7      | Reached skill level 2 in Hexes
  1205 | D:7      | Reached skill level 2 in Summonings
  1205 | D:7      | Reached skill level 2 in Necromancy
  1205 | D:7      | Reached skill level 2 in Translocations
  1205 | D:7      | Reached skill level 2 in Transmutations
  1205 | D:7      | Reached skill level 2 in Fire Magic
  1205 | D:7      | Reached skill level 2 in Ice Magic
  1205 | D:7      | Reached skill level 2 in Air Magic
  1205 | D:7      | Reached skill level 2 in Earth Magic
  1205 | D:7      | Reached skill level 2 in Poison Magic
  1210 | D:7      | Found a glowing golden altar of the Shining One.
  1330 | D:7      | Reached skill level 3 in Invocations
  1378 | D:8      | Found Mauveb's Magic Scroll Boutique.
  1405 | D:7      | Reached XP level 8. HP: 45/63 MP: 12/16
  1429 | D:7      | Reached skill level 6 in Charms
  1450 | D:6      | Learned a level 1 spell: Animate Skeleton
  1452 | D:6      | Learned a level 1 spell: Apportation
  1550 | D:6      | Reached skill level 3 in Short Blades
  1550 | D:6      | Reached skill level 3 in Long Blades
  1550 | D:6      | Reached skill level 3 in Maces & Flails
  1550 | D:6      | Reached skill level 3 in Polearms
  1550 | D:6      | Reached skill level 3 in Staves
  1550 | D:6      | Reached skill level 3 in Slings
  1550 | D:6      | Reached skill level 3 in Bows
  1550 | D:6      | Reached skill level 3 in Crossbows
  1550 | D:6      | Reached skill level 3 in Throwing
  1550 | D:6      | Reached skill level 4 in Armour
  1550 | D:6      | Reached skill level 3 in Stealth
  1550 | D:6      | Reached skill level 3 in Shields
  1550 | D:6      | Reached skill level 3 in Unarmed Combat
  1550 | D:6      | Reached skill level 3 in Evocations
  1659 | D:5      | Found a shattered altar of Ashenzari.
  1792 | D:5      | Found a basalt altar of Yredelemnul.
  1793 | D:5      | Found a hide-covered altar of Uskayaw.
  1977 | D:7      | Reached skill level 6 in Spellcasting
  2006 | D:7      | Reached skill level 6 in Fighting
  2006 | D:7      | Reached skill level 6 in Axes
  2006 | D:7      | Reached skill level 6 in Dodging
  2006 | D:7      | Reached skill level 3 in Conjurations
  2006 | D:7      | Reached skill level 3 in Hexes
  2006 | D:7      | Reached skill level 3 in Summonings
  2006 | D:7      | Reached skill level 3 in Necromancy
  2006 | D:7      | Reached skill level 3 in Translocations
  2006 | D:7      | Reached skill level 3 in Transmutations
  2006 | D:7      | Reached skill level 3 in Fire Magic
  2006 | D:7      | Reached skill level 3 in Ice Magic
  2006 | D:7      | Reached skill level 3 in Air Magic
  2006 | D:7      | Reached skill level 3 in Earth Magic
  2006 | D:7      | Reached skill level 3 in Poison Magic
  2006 | D:7      | Reached skill level 4 in Invocations
  2006 | D:7      | Reached XP level 9. HP: 26/69 MP: 6/18
  2094 | D:8      | Bought a scroll of identify for 20 gold pieces
  2094 | D:8      | Bought a scroll of magic mapping for 35 gold pieces
  2094 | D:8      | Bought a scroll of teleportation for 30 gold pieces
  2094 | D:8      | Bought a scroll of teleportation for 30 gold pieces
  2113 | D:8      | Found a blossoming altar of Fedhas.
  2129 | D:8      | Noticed a two-headed ogre
  2140 | D:8      | Killed a two-headed ogre
  2140 | D:8      | Reached skill level 4 in Short Blades
  2140 | D:8      | Reached skill level 4 in Long Blades
  2140 | D:8      | Reached skill level 4 in Maces & Flails
  2140 | D:8      | Reached skill level 4 in Polearms
  2140 | D:8      | Reached skill level 4 in Staves
  2140 | D:8      | Reached skill level 4 in Slings
  2140 | D:8      | Reached skill level 4 in Bows
  2140 | D:8      | Reached skill level 4 in Crossbows
  2140 | D:8      | Reached skill level 4 in Throwing
  2140 | D:8      | Reached skill level 5 in Armour
  2140 | D:8      | Reached skill level 4 in Stealth
  2140 | D:8      | Reached skill level 4 in Shields
  2140 | D:8      | Reached skill level 4 in Unarmed Combat
  2140 | D:8      | Reached skill level 4 in Evocations
  2199 | D:8      | Found a sacrificial altar of Ru.
  2257 | D:8      | Noticed Joseph
  2265 | D:8      | Killed Joseph
  2265 | D:8      | Reached skill level 5 in Invocations
  2376 | D:9      | Found a snail-covered altar of Cheibriados.
  2382 | D:9      | Became a worshipper of Cheibriados the Contemplative
  2400 | D:9      | Noticed Erica
  2405 | D:9      | Killed Erica
  2405 | D:9      | Reached skill level 7 in Spellcasting
  2405 | D:9      | Reached skill level 4 in Conjurations
  2405 | D:9      | Reached skill level 4 in Hexes
  2405 | D:9      | Reached skill level 4 in Summonings
  2405 | D:9      | Reached skill level 4 in Necromancy
  2405 | D:9      | Reached skill level 4 in Translocations
  2405 | D:9      | Reached skill level 4 in Transmutations
  2405 | D:9      | Reached skill level 4 in Fire Magic
  2405 | D:9      | Reached skill level 4 in Ice Magic
  2405 | D:9      | Reached skill level 4 in Air Magic
  2405 | D:9      | Reached skill level 4 in Earth Magic
  2405 | D:9      | Reached skill level 4 in Poison Magic
  2405 | D:9      | Reached XP level 10. HP: 77/77 MP: 20/20
  2419 | D:10     | Entered Level 10 of the Dungeon
  2422 | D:10     | Noticed a two-headed ogre
  2429 | D:10     | Noticed a two-headed ogre
  2432 | D:10     | Killed a two-headed ogre
  2432 | D:10     | Reached skill level 5 in Short Blades
  2432 | D:10     | Reached skill level 5 in Long Blades
  2432 | D:10     | Reached skill level 5 in Maces & Flails
  2432 | D:10     | Reached skill level 5 in Polearms
  2432 | D:10     | Reached skill level 5 in Staves
  2432 | D:10     | Reached skill level 5 in Slings
  2432 | D:10     | Reached skill level 5 in Bows
  2432 | D:10     | Reached skill level 5 in Crossbows
  2432 | D:10     | Reached skill level 5 in Throwing
  2432 | D:10     | Reached skill level 5 in Stealth
  2432 | D:10     | Reached skill level 5 in Shields
  2432 | D:10     | Reached skill level 5 in Unarmed Combat
  2432 | D:10     | Reached skill level 7 in Charms
  2432 | D:10     | Reached skill level 5 in Evocations
  2437 | D:10     | Killed a two-headed ogre
  2437 | D:10     | Reached skill level 7 in Fighting
  2437 | D:10     | Reached skill level 7 in Axes
  2437 | D:10     | Reached skill level 7 in Dodging
  2450 | D:10     | Found a staircase to the Lair.
  2455 | D:10     | Got a pair of steaming gloves
  2461 | D:10     | Identified the +1 pair of gloves "Caepay" {Int+4} (You found it on level 10 of the Dungeon)
  2470 | D:10     | Noticed melvinkitnick's ghost (journeyman MiGl)
  2496 | D:9      | Found a shimmering altar of Xom.
  2515 | D:9      | Reached skill level 6 in Armour
  2550 | D:9      | Reached * piety under Cheibriados
  2556 | D:9      | Noticed a two-headed ogre
  2563 | D:9      | Killed a two-headed ogre
  2563 | D:9      | Reached skill level 6 in Invocations
  2614 | D:9      | Found a glowing silver altar of Zin.
  2618 | D:9      | Found a deep blue altar of Sif Muna.
  2621 | D:9      | Found a bloodstained altar of Trog.
  2756 | D:10     | Got a brightly glowing dagger
  2759 | D:10     | Identified the cursed +0 dagger of Uhic {pierce, -Tele rPois SInv} (You found it on level 10 of the Dungeon)
  2807 | D:10     | Reached XP level 11. HP: 27/84 MP: 18/22
  2849 | D:10     | Noticed Fannar
  2857 | D:10     | Reached ** piety under Cheibriados
  2858 | D:10     | Killed Fannar
  2944 | D:10     | Reached skill level 6 in Short Blades
  2944 | D:10     | Reached skill level 6 in Long Blades
  2944 | D:10     | Reached skill level 6 in Maces & Flails
  2944 | D:10     | Reached skill level 6 in Polearms
  2944 | D:10     | Reached skill level 6 in Staves
  2944 | D:10     | Reached skill level 6 in Slings
  2944 | D:10     | Reached skill level 6 in Bows
  2944 | D:10     | Reached skill level 6 in Crossbows
  2944 | D:10     | Reached skill level 6 in Throwing
  2944 | D:10     | Reached skill level 6 in Stealth
  2944 | D:10     | Reached skill level 6 in Shields
  2944 | D:10     | Reached skill level 6 in Unarmed Combat
  2944 | D:10     | Reached skill level 6 in Evocations
  2957 | D:10     | Killed melvinkitnick's ghost
  2957 | D:10     | Reached skill level 8 in Spellcasting
  2957 | D:10     | Reached skill level 5 in Conjurations
  2957 | D:10     | Reached skill level 5 in Hexes
  2957 | D:10     | Reached skill level 5 in Summonings
  2957 | D:10     | Reached skill level 5 in Necromancy
  2957 | D:10     | Reached skill level 5 in Translocations
  2957 | D:10     | Reached skill level 5 in Transmutations
  2957 | D:10     | Reached skill level 5 in Fire Magic
  2957 | D:10     | Reached skill level 5 in Ice Magic
  2957 | D:10     | Reached skill level 5 in Air Magic
  2957 | D:10     | Reached skill level 5 in Earth Magic
  2957 | D:10     | Reached skill level 5 in Poison Magic
  3092 | D:11     | Noticed ThereIsNoGod's ghost (journeyman MiBe)
  3101 | D:11     | Reached *** piety under Cheibriados
  3103 | D:11     | Killed ThereIsNoGod's ghost
  3105 | D:11     | HP: 5/86 [yak (11)]
  3105 | D:11     | Mangled by a yak

Skill      XL: |  1  2  3  4  5  6  7  8  9 10 11 |
---------------+----------------------------------+-----
Spellcasting   | 5 6 7 8 |  8.1
Invocations    | 1 2 3 4 5 6 |  6.9
Short Blades   | 1 2 3 4 5 6 |  6.3
Long Blades    | 1 2 3 4 5 6 |  6.3
Maces & Flails | 1 2 3 4 5 6 |  6.3
Polearms       | 1 2 3 4 5 6 |  6.3
Staves         | 1 2 3 4 5 6 |  6.3
Slings         | 1 2 3 4 5 6 |  6.3
Bows           | 1 2 3 4 5 6 |  6.3
Crossbows      | 1 2 3 4 5 6 |  6.3
Throwing       | 1 2 3 4 5 6 |  6.3
Stealth        | 1 2 3 4 5 6 |  6.3
Shields        | 1 2 3 4 5 6 |  6.3
Unarmed Combat | 1 2 3 4 5 6 |  6.3
Evocations     | 1 2 3 4 5 6 |  6.3
Conjurations   | 1 2 3 4 5 |  5.2
Hexes          | 1 2 3 4 5 |  5.2
Summonings     | 1 2 3 4 5 |  5.2
Necromancy     | 1 2 3 4 5 |  5.2
Translocations | 1 2 3 4 5 |  5.2
Transmutations | 1 2 3 4 5 |  5.2
Fire Magic     | 1 2 3 4 5 |  5.2
Ice Magic      | 1 2 3 4 5 |  5.2
Air Magic      | 1 2 3 4 5 |  5.2
Earth Magic    | 1 2 3 4 5 |  5.2
Poison Magic   | 1 2 3 4 5 |  5.2
Armour         | 3 4 5 6 |  6.9
Fighting       | 5 6 7 |  7.9
Axes           | 5 6 7 |  7.9
Dodging        | 5 6 7 |  7.9
Charms         | 6 7 |  7.6

Action                   |  1- 3 |  4- 6 |  7- 9 | 10-12 || total
-------------------------+-------+-------+-------+-------++-------
Melee: Hand axe          |    36 |    96 |    82 |   114 ||   328
       Bite              |     2 |    11 |     6 |    13 ||    32
       Punch             |       |       |     1 |     4 ||     5
 Cast: Infusion          |     3 |       |       |       ||     3
       Shroud of Golubri |     2 |     1 |     4 |     4 ||    11
       Spectral Weapon   |     2 |    20 |    21 |    19 ||    62
       Regeneration      |     1 |     1 |     7 |    12 ||    21
       Animate Skeleton  |       |       |       |     1 ||     1
Evoke: Wand              |       |     1 |     3 |     7 ||    11
  Use: Potion            |     2 |     1 |     2 |     9 ||    14
       Scroll            |     1 |     2 |     9 |     4 ||    16
 Stab: Distracted        |       |     3 |       |     1 ||     4
       Sleeping          |       |     2 |     1 |     4 ||     7
  Eat: Ration            |     1 |     1 |     2 |     2 ||     6
Armor: Skin              |     6 |       |       |       ||     6
       Leather armour    |     5 |    15 |     4 |       ||    24
       Robe              |       |       |     1 |    14 ||    15
Dodge: Dodged            |    17 |    73 |    52 |    97 ||   239

Table legend:
 A = Turns spent in this place as a percentage of turns spent in the entire game.
 B = Non-inter-level travel turns spent in this place as a percentage of non-inter-level travel turns spent in the entire game.
 C = Inter-level travel turns spent in this place as a percentage of turns spent in this place.
 D = Turns resting spent in this place as a percentage of non-inter-level travel turns spent in this place.
 E = Turns spent auto-exploring this place as a percentage of non-inter-level travel turns spent in this place.
 F = Non-inter-level travel turns spent in this place divided by the number of levels of this place that you've seen.
                   A       B       C       D       E      F
               +-------+-------+-------+-------+-------+----------------------
         Total | 100.0 | 100.0 |   2.8 |   0.0 |   0.0 | 251.6
       Dungeon |  97.9 |  97.8 |   2.8 |   0.0 |   0.0 | 268.5
        Temple |   2.1 |   2.2 |   0.0 |   0.0 |   0.0 |  66.0
               +-------+-------+-------+-------+-------+----------------------

Table legend:
 A = Kills in this place as a percentage of kills in entire the game.
 B = Kills by you in this place as a percentage of kills by you in the entire game.
 C = Kills by friends in this place as a percentage of kills by friends in the entire game.
 D = Other kills in this place as a percentage of other kills in the entire game.
 E = Experience gained in this place as a percentage of experience gained in the entire game.
 F = Experience gained in this place divided by the number of levels of this place that you have seen.
                   A       B       C       D       E      F
               +-------+-------+-------+-------+-------+----------------------
         Total | 100.0 | 100.0 | 100.0 |   N/A | 100.0 | 1206.0
       Dungeon | 100.0 | 100.0 | 100.0 |   N/A | 100.0 | 1315.6
               +-------+-------+-------+-------+-------+----------------------

Vault maps used:
D:1:      dpeg_arrival_windows_large_door, amethyst_killhole
D:2:      first_ration, hangedman_abyss_or_decor_stabs, minmay_pentomino_v2
D:4:      cheibrodos_thug_alley, minmay_temple_entry_overgrown, serial_undead,
          serial_undead_f, serial_undead_a, serial_undead_f, serial_undead_a,
          grunt_ministairs_9, uniq_pikel
D:5:      evilmike_ruin_ashenzari, gammafunk_temple_overflow_pools,
          okawaru_ov_weapons_minmay, basic_altar, uniq_grinder
D:7:      tso_metal_star, minmay_misc_feat_rugged, grunt_livestock,
          minmay_misc_feat_cross
D:8:      fedhas_altar_decomposition, kennysheep_little_box, serial_shops, shop,
          uniq_joseph
D:9:      xom_butterflies, cheibriados_altar_1,
          minmay_overflow_temple_star_quad,
          hangedman_abyss_or_decor_lesser_grid, minivault_14, uniq_erica
D:10:     lair_entry_dummy, uniq_fannar
D:11:     erik_orc_4, portal_ice_cave_entry_ice_beasts, serial_shops,
          nicolae_shop_behind_doors, basic_altar
Temple:   compressed_dpeg_circular_temple
